 Dungeon Crawl Stone Soup version 0.21-a0-621-gc60411f (webtiles) character file.

27 slep the Slasher (level 3, -2/18 HPs)
             Began as a Vine Stalker Gladiator on Dec 24, 2017.
             Slain by an iguana (4 damage)
             ... on level 2 of the Dungeon.
             The game lasted 00:02:38 (447 turns).

slep the Slasher (Vine Stalker Gladiator)            Turns: 447, Time: 00:02:38

Health: -2/18      AC:  5    Str: 16    XL:     3   Next: 10%
Magic:  0/4        EV: 13    Int:  8    God:
Gold:   122        SH:  0    Dex: 16    Spells: 2/2 levels left

rFire    + . .     SeeInvis .   a - +0 long sword
rCold    . . .     Gourm    .   (no shield)
rNeg     . . .     Faith    .   b - +0 leather armour
rPois    +         Spirit   +   c - +0 helmet
rElec    .         Reflect  .   e - +0 cloak
rCorr    .         Harm     .   (no gloves)
MR       .....                  (no boots)
Stlth    +.........             (no amulet)
HPRegen  0.06/turn              h - ring of poison resistance (curse)
MPRegen  0.09/turn              i - ring of protection from fire

@: no status effects
A: fangs 2, magic shield, antimagic bite, no potion heal 3, rot immunity
a: no special abilities


You were on level 2 of the Dungeon.
You were not hungry.

You visited 1 branch of the dungeon, and saw 2 of its levels.

You collected 122 gold pieces.

Inventory:

Hand Weapons
 a - a +0 long sword (weapon)
Missiles
 d - 3 throwing nets (quivered)
Armour
 b - a +0 leather armour (worn)
 c - a +0 helmet (worn)
 e - a +0 cloak (worn)
Jewellery
 h - a cursed ring of poison resistance (left hand)
 i - a ring of protection from fire (right hand)
Scrolls
 g - a scroll of identify {unknown}
Comestibles
 f - 2 rations


   Skills:
 + Level 2.0 Fighting
 + Level 3.0 Long Blades
 + Level 2.0 Throwing
 + Level 0.2 Armour
 + Level 2.8 Dodging
 + Level 0.1 Stealth


You had 2 spell levels left.
You didn't know any spells.

Dungeon Overview and Level Annotations

Branches:
Dungeon (2/15)

Altars:


Innate Abilities, Weirdness & Mutations

You have extremely sharp teeth.
When hurt, damage is shared between your health and your magic reserves.
Your bite disrupts and absorbs the magic of your enemies.
Potions cannot restore your health.
You are immune to rotting.


Message History

A goblin comes into view.
You see here a club.
You hit the goblin.
You kill the goblin!
Found a knobbly smoking staff.
An iguana comes into view.
The iguana completely misses you.
Found a club.
You hit the iguana.
The iguana is lightly wounded.
The iguana bites you!
You hit the iguana.
The iguana is moderately wounded.
The iguana bites you!
Ouch! That really hurt!
* * * LOW HITPOINT WARNING * * *
You hit the iguana but do no damage.
The iguana is moderately wounded.
The iguana bites you.
You die...

#. #. ###. ...
.. #.########
#.####..l.....)
#.....@#######
#.####.........
##.####.##
##.## #|#
#...###.# .
##.###.##.# #
#########.#
##.#.###### #
#.........#
#........# #
#.#######.##
##.#.####.#


You could see an iguana.

Vanquished Creatures
  An adder (D:2)
  A dart slug (D:1)
  5 hobgoblins
  3 jackals (D:1)
  A bat (D:1)
  2 goblins
  A kobold (D:1)
  A rat (D:2)
15 creatures vanquished.

Notes
Turn   | Place    | Note
-------+----------+-------------------------------------------
     0 | D:1      | slep the Vine Stalker Gladiator began the quest for the Orb.
     0 | D:1      | Reached XP level 1. HP: 11/11 MP: 2/2
   134 | D:1      | Reached XP level 2. HP: 5/15 MP: 1/3
   427 | D:2      | Reached skill level 3 in Long Blades
   427 | D:2      | Reached XP level 3. HP: 18/18 MP: 4/4
   447 | D:2      | Slain by an iguana

Vault maps used:
D:1:      lightli_arrival_flooded_house
D:2:      nicolae_tso_carved_into_rock

Skill      XL: |  1  2 |
---------------+-------+-----
Fighting       | 2 |  2.0
Long Blades    | 3 |  3.0
Throwing       | 2 |  2.0
Armour         | |  0.2
Dodging        | |  2.8
Stealth        | |  0.1

Action                   || total
-------------------------++-------
Melee: Long sword        ||    32
       Bite              ||     4
 Stab: Sleeping          ||     3
Armor: Leather armour    ||     7
Dodge: Dodged            ||    22
       Rpst.: Long sword ||     7

Table legend:
 A = Spawn XP
 B = Non-spawn XP
 C = Spawn XP percentage of total XP
 D = Spawn monster count
 E = Non-spawn monster count
 F = Spawn count percentage of total count
 G = Total turns spent on level
                    A         B        C        D         E        F      G
               +---------+---------+-------+---------+---------+-------+---------
         Total |       0 |      39 |   0.0 |       0 |      15 |   0.0 |   447
               +---------+---------+-------+---------+---------+-------+---------
           D:1 |       0 |      21 |   0.0 |       0 |      11 |   0.0 |   401
           D:2 |       0 |      18 |   0.0 |       0 |       4 |   0.0 |    46
               +---------+---------+-------+---------+---------+-------+---------
